 Dungeon Crawl Stone Soup version 0.32-a0-886-g41c5271027 (console) character file.

Game seed: 7093051553944501890

33676 Kenran the Brawler (level 13, -4/119 HPs)
             Began as a Minotaur Alchemist on Apr 2, 2024.
             Was a High Priest of the Shining One.
             Succumbed to poison (dark miasma)
             ... in a Gauntlet.
             The game lasted 00:40:55 (13888 turns).

Kenran the Brawler (Minotaur Alchemist)            Turns: 13888, Time: 00:40:55

Health: -4/119     AC: 25    Str: 17    XL:     13   Next: 38%
Magic:  16/16      EV:  5    Int: 12    God:    the Shining One [*****.]
Gold:   754        SH: 10    Dex: 12    Spells: 13/14 levels left

rFire   + .          .
                       - Unarmed
rCold   . . .        D - +0 buckler
rNeg    + + .        f - +0 plate armour
rPois   .            (helmet restricted)
rElec   .            q - +1 cloak
rCorr   .            C - +0 pair of gloves
SInv    .            t - +0 pair of boots
Will    .....        v - amulet of reflection Stlth
                     n - +4 ring of protection
HPRegen 0.39/turn    p - ring of protection from fire
MPRegen 0.15/turn

%: no teleportation, reflection
@: lethally poisoned (-4 -> -44), hasted and slowed, glowing
A: horns 2, retaliatory headbutt
a: Renounce Religion, Divine Shield, Cleansing Flame, Summon Divine Warrior


You were in a Gauntlet.
You worshipped the Shining One.
The Shining One was extremely pleased with you.
You visited 2 branches of the dungeon, and saw 14 of its levels.
You also visited: Bailey and Gauntlet.

You collected 886 gold pieces.
You spent 132 gold pieces at shops.

Inventory:

Hand Weapons
 r - a +6 broad axe of freezing
Missiles
 e - 3 throwing nets
Armour
 f - a +0 plate armour (worn)
 q - a +1 cloak (worn)
 t - a +0 pair of boots (worn)
 C - a +0 pair of gloves (worn)
 D - a +0 buckler (worn)
Jewellery
 c - a ring of ice
 n - a +4 ring of protection (left hand)
 p - a ring of protection from fire (right hand)
 u - a ring of resist corrosion
 v - an amulet of reflection (around neck)
Wands
 y - a wand of flame (35)
 A - a wand of charming (11)
Scrolls
 a - 4 scrolls of poison {!r}
 g - 9 scrolls of teleportation
 h - 2 scrolls of blinking
 i - 5 scrolls of butterflies
 j - 7 scrolls of fear
 m - 2 scrolls of enchant armour
 o - a scroll of amnesia {unknown}
 s - a scroll of fog
 x - a scroll of immolation {!r}
Potions
 b - 2 potions of magic
 k - 2 potions of ambrosia {unknown}
 l - 3 potions of enlightenment
 w - 3 potions of brilliance {unknown}
 F - 3 potions of degeneration {unknown}
 G - a potion of invisibility {unknown}
 H - a potion of attraction {!q}
 I - a potion of mutation {unknown}


   Skills:
 + Level 12.7 Fighting
 - Level 4.6 Long Blades
 - Level 12.0 Armour
 - Level 2.1 Dodging
 - Level 1.5 Stealth
 - Level 5.0 Shields
 + Level 16.4 Unarmed Combat
 - Level 1.3 Spellcasting
 - Level 0.6 Conjurations
 - Level 2.1 Alchemy
 - Level 6.0 Invocations
 + Level 3.0 Evocations


You had 13 spell levels left.
You knew the following spells:

 Your Spells              Type           Power      Damage    Failure   Level
a - Sting                 Conj/Alch      16%        1d4       99%         1

Your spell library contained the following spells:

 Spells                   Type           Power      Damage    Failure   Level
 Sandblast                Erth           0%         2d4       100%        1
 Summon Small Mammal      Summ           0%         N/A       100%        1
 Mercury Vapours          Alch/Air       6%         N/A       100%        2
 Sublimation of Blood     Necr           0%         N/A       100%        2
 Call Canine Familiar     Summ           0%         N/A       100%        3
 Inner Flame              Hex/Fire       0%         N/A       100%        3
 Mephitic Cloud           Conj/Alch/Air  3%         N/A       100%        3
 Stone Arrow              Conj/Erth      2%         3d7       100%        3
 Brom's Barrelling Bould  Conj/Erth      1%         2d3       100%        4
 Olgreb's Toxic Radiance  Alch           6%         N/A       100%        4
 Petrify                  Alch/Erth      3%         N/A       100%        4
 Sticky Flame             Fire/Alch      3%         2d4       100%        4
 Summon Blazeheart Golem  Fire/Summ      0%         N/A       100%        4
 Irradiate                Conj/Alch      2%         3d12      100%        5
 Ozocubu's Refrigeration  Ice            0%         4d7       100%        7
 Discord                  Hex            0%         N/A       100%        8
 Ignition                 Fire           0%         3d3       100%        8


Dungeon Overview and Level Annotations

Branches:
Dungeon (12/15)            Temple (0/1) D:5            Lair (2/5) D:8
    Orc (0/2) D:9          Bailey (visited)         Gauntlet (1/1)
  Swamp: Lair:2-3    Shoals: Lair:2-3     Snake: Lair:2-3    Spider: Lair:2-3

Altars:
Dithmenos
Gozag
Nemelex Xobeh
Qazlal
Zin
The Shining One
Beogh

Shops:
D:1 *   D:5 :   D:8 :   D:9 *[   D:10 (

Annotations:
Gauntlet 13 transporters, exclusion: ice statue


Innate Abilities, Weirdness & Mutations

You have a pair of horns on your head.
You reflexively headbutt those who attack you in melee.


Message History

The death drake bites you but does no damage.
You closely miss the death drake. Your headbutt misses the death drake.
The death drake is severely wounded.
The death drake bites you but does no damage. x2
You punch the death drake! You headbutt the death drake.
The death drake is almost dead.
The death drake breathes miasma at you.
The foul vapour engulfs you but does no damage.
You punch the death drake!
You kill the death drake!
You are engulfed in dark miasma.
You are poisoned.
* * * LOW HITPOINT WARNING * * *
You feel very sick.
The spectral centaur warrior barely misses you.
You furiously retaliate!
You headbutt the spectral centaur warrior!
The spectral centaur warrior kicks you but does no damage.
Your Evocations skill increases to level 3!
You feel much better.
You are engulfed in dark miasma.
You are lethally poisoned!
* * * LOW HITPOINT WARNING * * *
You feel extremely sick.
You block the spectral centaur warrior's attack.
The spectral centaur warrior barely misses you.
The spectral centaur warrior hits you but does no damage.
The spectral centaur warrior kicks you but does no damage.
You feel yourself speed up.
You are engulfed in dark miasma.
You are more poisoned.
* * * LOW HITPOINT WARNING * * *
x2 You feel extremely sick.
The spectral centaur warrior hits you but does no damage.
The spectral centaur warrior kicks you but does no damage.
The spectral centaur warrior hits you but does no damage.
The spectral centaur warrior kicks you but does no damage.
Okay, then.
Blink to where?
Press: ? - help, Dir - move target
As you read the scroll of blinking, it crumbles to dust.
You die...

..................§≈§≈...........
....................§§...........
≣≣≣≣≣≣≣≣.≣≣≣≣≣≣≣≣≣≣≣.≣≣≣≣≣≣≣≣≣≣≣.
(.©![..≣.≣....Z░░©░≣.≣.G).©=!Gu≣.
▓...▓..≣.≣..░░≣§░≣.≣.≣..▓▓.▓▓.G≣.
▓▓≣▓▓▓.≣.≣.░░.≣░.░.≣.≣.▓▓...▓▓u≣.
.▓.▓..▓≣.≣.░.░.░.░.≣.≣.▓.....▓.≣.
..©....≣.≣.≣..©≣.≣Z≣.≣G...©....≣.
.▓.▓..▓≣.≣.░.░.░@░.≣.≣.▓.....▓.≣.
▓...▓▓h≣.≣!░.░≣.░░.≣.≣.▓▓...▓▓.≣.
▓.○.▓hE≣.≣)≣░.≣░░..≣.≣..▓▓.▓▓..≣.
.▓R▓hEE≣.≣[.░░.....≣.≣.........≣.


≣≣≣≣≣≣≣≣≣≣≣≣≣≣≣≣≣≣≣≣≣≣≣≣≣≣≣≣≣≣≣≣≣ ..©...........©≣≈§≈≈ߧ§§≈≣©......
≣≣.≣≣≣≣≣≣≣≣≣≣≣≣≣≣≣≣≣≣≣≣≣≣≣≣≣≣≣≣≣≣ .≣.≣≈≈ߧ§≣©.........©.........©≣≈
.≣.≣≣≣≣≣≣≣≣≣≣≣≣≣≣≣≣≣≣≣≣≣≣≣≣≣≣≣≣≣≣ You could see 2 glowing orange brains and a
centaur warrior zombie (wandering).

Vanquished Creatures
  An orc warlord (Bailey)
  A hydra (D:11)
  Erica (D:8)
  2 two-headed ogres
  A boulder beetle (Lair:1)
  A death drake (Gauntlet)
  3 skeletal warriors
  2 arcanists (Gauntlet)
  Pikel (D:5)
  5 elephants (Lair:1)
  Joseph (D:8)
  4 cane toads (Lair:1)
  5 komodo dragons
  3 trolls
  10 blink frogs (Lair:1)
  2 dream sheep (D:11)
  Prince Ribbit (D:5)
  4 wyverns
  3 vampires
  Sigmund (D:2)
  2 shadows
  3 basilisks
  15 yaks
  A steam dragon (D:7)
  3 vampire mosquitoes (D:11)
  6 water moccasins (Lair:1)
  An ice beast (D:3)
  12 orc warriors
  An ogre (D:5)
  2 sky beasts
  5 centaurs
  24 wolves
  A phantom (D:6)
  4 lemures (D:5)
  6 kobold brigands
  7 bullfrogs
  3 gnoll sergeants
  3 scorpions
  5 wights (D:9)
  14 killer bees
  A jelly (D:8)
  2 bombardier beetles
  4 orc priests
  A gnoll bouda (D:5)
  4 hounds
  5 sleepcaps
  An iguana (D:6)
  Natasha (thrice) (D:3)
  8 orc wizards
  19 gnolls
  8 adders
  3 shadow imps
  3 white imps (Gauntlet)
  2 dart slugs
  A ribbon worm (D:2)
  41 orcs
  10 ball pythons
  8 endoplasms
  2 giant cockroaches
  10 goblins
  8 hobgoblins
  6 quokkas
  4 bats
  4 frilled lizards
  27 kobolds
  6 rats
361 creatures vanquished.

Notes
Turn   | Place    | Note
-------+----------+-------------------------------------------
     0 | D:1      | Kenran the Minotaur Alchemist began the quest for the Orb.
     0 | D:1      | Reached XP level 1. HP: 14/14 MP: 1/1
    97 | D:1      | Reached skill level 1 in Unarmed Combat
   119 | D:1      | Reached XP level 2. HP: 14/20 MP: 3/3
   122 | D:1      | Reached skill level 2 in Unarmed Combat
   242 | D:1      | Found a faded altar of an unknown god.
   270 | D:1      | Prayed at the altar of an unknown god.
   270 | D:1      | Became a worshipper of the Shining One
   270 | D:1      | Reached * piety under the Shining One
   437 | D:1      | Found Seleth's Assorted Antiques.
   901 | D:1      | Bought a scroll labelled OQATZA PIGEI for 23 gold pieces
   901 | D:1      | Bought a scroll labelled TISOHI ALER for 23 gold pieces
   901 | D:1      | Bought a bubbling golden potion for 20 gold pieces
   931 | D:2      | Reached skill level 3 in Unarmed Combat
   933 | D:2      | Reached XP level 3. HP: 26/26 MP: 4/4
   964 | D:2      | Found a sparkling altar of Nemelex Xobeh.
  1065 | D:2      | Found the +7 Throatcutter {drain, coup de grace}
  1074 | D:2      | Reached skill level 4 in Unarmed Combat
  1077 | D:2      | Reached XP level 4. HP: 17/33 MP: 5/5
  1263 | D:2      | Noticed Sigmund
  1279 | D:2      | Killed Sigmund
  1280 | D:2      | Reached XP level 5. HP: 24/38 MP: 6/6
  1917 | D:3      | Reached ** piety under the Shining One
  1926 | D:3      | HP: 1/38 [gnoll/+0 halberd (10)]
  1961 | D:3      | Noticed Natasha
  1966 | D:3      | Killed Natasha
  1967 | D:3      | Reached XP level 6. HP: 19/45 MP: 7/7
  2253 | D:2      | Reached skill level 5 in Unarmed Combat
  2343 | D:3      | Noticed Natasha
  2351 | D:3      | Killed Natasha
  2399 | D:3      | Noticed Natasha
  2410 | D:3      | Killed Natasha
  2568 | D:3      | Noticed an ice beast
  2590 | D:3      | Killed an ice beast
  2591 | D:3      | Reached skill level 6 in Unarmed Combat
  2878 | D:1      | Bought a viscous ruby potion for 20 gold pieces
  2878 | D:1      | Bought 2 scrolls labelled XAPIASOPEY for 46 gold pieces
  2978 | D:4      | Reached XP level 7. HP: 49/50 MP: 8/8
  2993 | D:4      | Identified the +1 leather armour of Impatience {-Tele Harm
                  | Int+2 Stlth+}
  3219 | D:4      | Reached skill level 7 in Unarmed Combat
  3378 | D:5      | Entered Level 5 of the Dungeon
  3666 | D:5      | Noticed Prince Ribbit
  3667 | D:5      | Noticed Pikel
  3667 | D:5      | Identified the +6 flail of Femit {drain, Int+5 Stlth+}
  3700 | D:5      | Reached skill level 8 in Unarmed Combat
  3732 | D:5      | Killed Pikel
  3733 | D:5      | Reached skill level 10 in Unarmed Combat
  3733 | D:5      | Reached XP level 8. HP: 46/57 MP: 9/9
  3740 | D:5      | Reached skill level 1 in Fighting
  3897 | D:5      | Killed Prince Ribbit
  4089 | D:5      | Found Xiettump's Book Shoppe.
  4102 | D:5      | Reached skill level 5 in Fighting
  4362 | D:5      | Reached skill level 1 in Armour
  4400 | D:5      | Found a staircase to the Ecumenical Temple.
  4726 | D:6      | Reached XP level 9. HP: 67/74 MP: 10/10
  4730 | D:6      | Reached skill level 5 in Armour
  4747 | D:6      | Found an opulent altar of Gozag.
  5369 | D:7      | Found a flagged portal.
  5391 | Bailey   | Entered a bailey
  5396 | Bailey   | Noticed an orc warlord
  5629 | Bailey   | Found a runed translucent gate.
  5632 | Bailey   | Found a runed translucent gate.
  5634 | Bailey   | Found a runed translucent gate.
  5678 | Bailey   | Reached skill level 11 in Unarmed Combat
  5839 | Bailey   | Killed an orc warlord
  5840 | Bailey   | Reached skill level 12 in Unarmed Combat
  6113 | D:7      | Found a stormy altar of Qazlal.
  6181 | D:7      | Reached skill level 13 in Unarmed Combat
  6181 | D:7      | Reached XP level 10. HP: 74/81 MP: 11/11
  6454 | D:8      | Noticed Erica
  6463 | D:8      | Killed Erica
  6544 | D:8      | Found the +4 robe of Augmentation {Str+4 Int+4 Dex+4}
  6592 | D:8      | Noticed a two-headed ogre
  6601 | D:8      | Killed a two-headed ogre
  6602 | D:8      | Reached skill level 14 in Unarmed Combat
  6623 | D:8      | Reached *** piety under the Shining One
  7034 | D:8      | Noticed Joseph
  7043 | D:8      | Killed Joseph
  7175 | D:8      | Found a shadowy altar of Dithmenos.
  7203 | D:8      | Found Waxijin's Book Shoppe.
  7241 | D:8      | Found a staircase to the Lair.
  7592 | D:8      | Reached skill level 10 in Fighting
  7592 | D:8      | Reached skill level 10 in Armour
  7592 | D:8      | Reached XP level 11. HP: 101/101 MP: 12/12
  7608 | D:9      | Reached skill level 1 in Invocations
  8139 | D:9      | Found a staircase to the Orcish Mines.
  8140 | D:9      | Found Jeifuj's Armour Shop.
  8472 | D:9      | Found a glowing silver altar of Zin.
  8477 | D:9      | You fall into a shaft and drop 3 floors!
  8578 | D:10     | Entered Level 10 of the Dungeon
  8647 | D:10     | Identified the +8 quarterstaff of the Valley {flame, +Blink
                  | rF+}
  8708 | D:10     | Noticed a two-headed ogre
  8716 | D:10     | Killed a two-headed ogre
  8717 | D:10     | Reached skill level 5 in Invocations
  8717 | D:10     | Reached XP level 12. HP: 86/107 MP: 13/15
  8999 | D:9      | Found Vaboyn's Demolitions Depot.
  9100 | D:9      | Found a roughly hewn altar of Beogh.
  9147 | D:9      | Reached **** piety under the Shining One
  9605 | D:10     | Found Qecum's Weapon Shoppe.
  9647 | D:10     | Reached skill level 1 in Shields
 10635 | D:11     | Noticed a three-headed hydra
 10648 | D:11     | Killed a three-headed hydra
 10949 | Lair:1   | Entered Level 1 of the Lair of Beasts
 11420 | Lair:1   | Reached skill level 5 in Shields
 11783 | Lair:1   | Reached skill level 15 in Unarmed Combat
 11825 | Lair:1   | Noticed a boulder beetle
 11844 | Lair:1   | Killed a boulder beetle
 12014 | Lair:1   | Identified the +1 robe of the Old World {Will+ Str+5}
 12298 | Lair:1   | Reached XP level 13. HP: 90/118 MP: 16/16
 12592 | Lair:1   | Reached skill level 16 in Unarmed Combat
 12785 | Lair:2   | Reached ***** piety under the Shining One
 12791 | Lair:1   | Reached skill level 1 in Evocations
 13120 | Lair:2   | Found a gate leading to a gauntlet.
 13182 | Gauntlet | Entered a Gauntlet
 13182 | Gauntlet | Found a transporter.
 13234 | Gauntlet | Found a transporter.
 13249 | Gauntlet | Found a transporter.
 13254 | Gauntlet | Found a transporter.
 13269 | Gauntlet | Found a transporter.
 13288 | Gauntlet | Found a transporter.
 13303 | Gauntlet | Found a transporter.
 13312 | Gauntlet | Found a transporter.
 13324 | Gauntlet | Found a transporter.
 13326 | Gauntlet | Noticed a quicksilver ooze
 13336 | Gauntlet | Found a transporter.
 13353 | Gauntlet | Found a transporter.
 13371 | Gauntlet | Found a transporter.
 13373 | Gauntlet | Found a transporter.
 13398 | Gauntlet | Found a transporter.
 13400 | Gauntlet | Found a transporter.
 13422 | Gauntlet | Found a transporter.
 13422 | Gauntlet | Found a transporter.
 13499 | Gauntlet | Found the +5 glaive of the Guard {elec, spectral}
 13532 | Gauntlet | Found a transporter.
 13887 | Gauntlet | HP: 5/119 [poison (dark miasma)]
 13888 | Gauntlet | Succumbed to poison (dark miasma)

Illustrated notes

Levels and vault maps discovered:
D:1:      lightli_arrival_noodles, layout_loops_ring, serial_shops, shop_statue,
          hellmonk_ecumenical_altar_inner_sanctum, kennysheep_pointless_box,
          grunt_decor_resistance, minmay_vboxes
D:2:      layout_loops_ring, basic_altar, minmay_three_crescents, uniq_sigmund
D:3:      layout_loops_cross, uniq_natasha
D:4:      layout_rooms
D:5:      layout_rooms, minmay_temple_entry_fiery, serial_shops, shop,
          uniq_pikel, uniq_prince_ribbit1
D:6:      layout_loops_cross, nicolae_gozag_cash_rules_everything_around_me
D:7:      layout_basic, nicolae_qazlal_scattered_showers, enter_bailey_5
D:8:      layout_rooms, grunt_dithmenos_smoke_and_mirrors, lair_entry_dummy,
          serial_shops, shop, skrybe_limestone_x, uniq_erica, uniq_joseph
D:9:      kennysheep_big_flooded_room, layout_loops_cross,
          mainiacjoe_overflow_surrounded_room, orc_david_3, special_room
          [special_room_orc], hangedman_decor_growths, nicolae_blasting_shop
D:10:     layout_basic, serial_shops, nicolae_shop_back_alley_shop
D:11:     layout_cave_pools, hangedman_ranch
D:12:     layout_cave_pools
Lair:1:   layout_cave_pods, grunt_megastairs_4
Lair:2:   regret_index_tunnel_blossom, layout_hall_layers,
          gauntlet_entry_generic, chequers_serial_rivers_large_a
Gauntlet: gammafunk_gauntlet_one_two_three [nicolae_gauntlet_arena_x,
          gammafunk_gauntlet_arena_crates, gammafunk_gauntlet_arena_hedges,
          nicolae_gauntlet_arena_grate_2, gammafunk_gauntlet_arena_chambers,
          gammafunk_gauntlet_arena_spirals,
          gammafunk_gauntlet_arena_split_diamond,
          nicolae_gauntlet_arena_t_cross, gammafunk_gauntlet_arena_mazey,
          gauntlet_exit_green]

Skill      XL: |  1  2  3  4  5  6  7  8  9 10 11 12 13 |
---------------+----------------------------------------+-----
Unarmed Combat | 1 3 4 6 10 13 14 15 16 | 16.4
Long Blades    | 4 |  4.6
Fighting       | 5 10 12 | 12.7
Armour         | 4 6 10 12 | 12.0
Invocations    | 5 6 |  6.0
Shields        | 5 |  5.0
Evocations     | 3 |  3.0
Dodging        | |  2.1
Stealth        | |  1.5
Spellcasting   | |  1.3
Conjurations   | |  0.6
Alchemy        | |  2.1

Action                     |  1- 3 |  4- 6 |  7- 9 | 10-12 | 13-15 || total
---------------------------+-------+-------+-------+-------+-------++-------
  Melee: Unarmed           |   100 |   106 |   289 |   529 |   168 ||  1192
         Headbutt          |    17 |    24 |    59 |   140 |    47 ||   287
         Punch             |     3 |     5 |    24 |    12 |       ||    44
  Throw: Throwing net      |       |       |     1 |     1 |       ||     2
    Use: Potion            |       |     7 |     7 |     2 |     5 ||    21
         Scroll            |       |     8 |     4 |    11 |     2 ||    25
 Armour: Chain mail        |    82 |    98 |    53 |       |       ||   233
         Skin              |       |       |    34 |       |       ||    34
         Plate armour      |       |       |   132 |   445 |   171 ||   748
  Dodge: Dodged            |    23 |    42 |    58 |   112 |    37 ||   272
  Block: Other             |       |       |    10 |    38 |       ||    48
         Reflection        |       |       |       |     6 |       ||     6
         Buckler           |       |       |       |   165 |    85 ||   250

Table legend: (Time is in decaauts)
 A = Elapsed time spent in this place.
 B = Non-inter-level travel time spent in this place.
 C = Inter-level travel time spent in this place.
 D = Time resting spent in this place.
 E = Time spent auto-exploring this place.
 F = Levels seen in this place.
 G = Mean time per level.
                   A        B        C        D        E       F      G
               +--------+--------+--------+--------+--------+-----+--------+
         Total |  13666 |  12697 |    969 |   3510 |   5760 |  16 |  854.1 |
       Dungeon |  10313 |   9382 |    931 |   2316 |   4677 |  12 |  859.4 |
          Lair |   2161 |   2124 |     37 |    960 |    697 |   2 | 1080.5 |
        Bailey |    489 |    489 |      0 |    112 |     81 |   1 |  489.0 |
      Gauntlet |    702 |    702 |      0 |    122 |    304 |   1 |  702.0 |
               +--------+--------+--------+--------+--------+-----+--------+

Top non-repeatable levels by time:
  Lair:1: 2075 daAuts
     D:8: 1316 daAuts
    D:11: 1008 daAuts
     D:9: 1001 daAuts
     D:6: 978 daAuts
     D:1: 974 daAuts
     D:2: 957 daAuts
     D:5: 955 daAuts
     D:3: 954 daAuts
    D:10: 933 daAuts
Gauntlet: 702 daAuts
     D:7: 680 daAuts
     D:4: 544 daAuts
  Bailey: 489 daAuts
  Lair:2: 85 daAuts
